 Dungeon Crawl Stone Soup version 0.18-a0-1799-g6250cb2 (webtiles) character file.

22604 Chiseanne the Exorcist (level 12, -6/126 HPs)
             Began as a Troll Monk on Apr 24, 2016.
             Was an Elder of the Shining One.
             Engulfed by a cloud of flame (19 damage)
             ... on level 12 of the Dungeon.
             The game lasted 00:37:46 (10107 turns).

Chiseanne the Exorcist (Troll Monk)                Turns: 10107, Time: 00:37:46

Health: -6/126     AC: 10    Str: 22    XL:     12   Next: 64%
Magic:  2/19       EV: 23    Int:  6    God:    the Shining One [****..]
Gold:   611        SH: 10    Dex: 20    Spells: 3 memorised, 5 levels left

rFire  . . .     SeeInvis .     a - +6 flail of Zehyt {freeze, MR+ Dex+4}
rCold  . . .     Gourm    +     H - +1 robe {MR+}
rNeg   + + .     Faith    .     (no shield)
rPois  .         Spirit   .     (helmet restricted)
rElec  .         Dismiss  .     (no cloak)
rCorr  .         Reflect  .     (gloves unavailable)
SustAt .         Harm     .     (boots unavailable)
MR     ++...                    (no amulet)
Stlth  +.........               g - +4 ring of protection
                                i - +5 ring of evasion

@: divine shield, glowing, very resistant to hostile enchantments, very
unstealthy
A: unfitting armour, claws 3, fast metabolism 3, gourmand, regeneration 2,
shaggy fur 1, tough skin 2
a: Divine Shield, Cleansing Flame, Renounce Religion


You were on level 12 of the Dungeon.
You worshipped the Shining One.
The Shining One was greatly pleased with you.
You were very full.

You visited 1 branch of the dungeon, and saw 13 of its levels.

You collected 611 gold pieces.

Inventory:

Hand Weapons
 a - the +6 flail of Zehyt (weapon) {freeze, MR+ Dex+4}
   (You found it on level 5 of the Dungeon)

   It has been specially enchanted to freeze those struck by it, causing extra
   injury to most foes and up to half again as much damage against particularly
   susceptible opponents.
   It can also slow down cold-blooded creatures.
   It affects your dexterity (+4).
   It affects your resistance to hostile enchantments.
 e - a +2 hunting sling of flaming
 s - a +3 flail of protection
 y - a +1 giant spiked club
 O - a +1 arbalest of freezing
Missiles
 c - 238 stones (quivered)
 l - 4 large rocks
 n - 215 arrows
 q - 114 sling bullets
 u - 3 throwing nets {!*}
 w - 87 bolts
Armour
 H - a +1 robe of magic resistance (worn)
Jewellery
 g - a +4 ring of protection (right claw)
 i - a +5 ring of evasion (left claw)
 G - an uncursed ring of protection from cold
Wands
 N - a wand of iceblast (0/15)
Scrolls
 m - 6 scrolls of remove curse
 v - 3 scrolls of fog
 F - 2 scrolls of teleportation
 K - a scroll of amnesia
Potions
 f - 2 potions of brilliance
 j - 10 potions of curing
 k - a potion of cure mutation
 o - a potion of ambrosia
 p - 5 potions of might
 r - 3 potions of flight
 x - 2 potions of cancellation
 z - a potion of lignification
 D - a potion of heal wounds
Books
 C - the Almanac of the Dark Glacier
   (You found it on level 10 of the Dungeon)

   Spells                             Type                      Level
   a - Pain                           Necromancy                   1
   b - Ozocubu's Armour               Charms/Ice                   3
   c - Throw Icicle                   Conjuration/Ice              4
   d - Dispel Undead                  Necromancy                   5
   e - Simulacrum                     Ice/Necromancy               6
 E - a book of Battle

   Spells                             Type                      Level
   a - Infusion                       Charms                       1
   b - Shroud of Golubria             Charms/Translocation         2
   c - Song of Slaying                Charms                       2
   d - Spectral Weapon                Hexes/Charms                 3
   e - Regeneration                   Charms/Necromancy            3
 I - an Akashic Record

   Spells                             Type                      Level
   a - Dispersal                      Translocation                6
   b - Malign Gateway                 Summoning/Translocation      7
   c - Disjunction                    Translocation                8
   d - Controlled Blink               Translocation                8
Miscellaneous
 L - a lamp of fire (inert)
Comestibles
 b - 13 bread rations
 d - 3 slices of pizza
 h - 6 meat rations
 t - 5 fruits
 A - 10 royal jellies
 J - 4 beef jerkies
 M - 8 chunks of flesh


   Skills:
 * Level 9.9 Fighting
 + Level 7.2 Throwing
 * Level 10.1 Dodging
 - Level 1.1 Stealth
 - Level 4.0 Unarmed Combat
 - Level 10.7 Invocations


You had 5 spell levels left.
You knew the following spells:

 Your Spells              Type           Power        Failure   Level  Hunger
a - Cure Poison           Pois           #.........   77%         2    ###....
b - Shroud of Golubria    Chrm/Tloc      #.........   77%         2    ###....
c - Song of Slaying       Chrm           #.......     77%         2    ###....


Dungeon Overview and Level Annotations

Branches:
Dungeon (13/15)            Temple (0/1) D:5            Lair (0/8) D:9
    Orc (0/2) D:10
 Vaults: D:13-14

Altars:
Ashenzari
Dithmenos
Fedhas
Kikubaaqudgha
Qazlal
Ru
Sif Muna
Xom
Yredelemnul
The Shining One

Annotations:
D:12 Maud


Innate Abilities, Weirdness & Mutations

You are too large for most types of armour.
You have claws for hands.
Your metabolism is lightning-fast.
You like to eat raw meat.
You heal very quickly.
You are covered in fur (AC +1).
You have very tough skin (AC +2).


Message History

The golden flame engulfs you! You resist.
The golden flame engulfs the fire crab.
The fire crab writhes in agony!
The fire crab is severely wounded.
You feel somewhat less full.
You hear a shout!
The fire crab breathes flames at you. The blast of flame misses you.
The golden flame engulfs you! You resist.
The golden flame engulfs the fire crab.
The fire crab writhes in agony!
The fire crab is severely wounded.
You feel somewhat less full.
You are engulfed in roaring flames.
* * * LOW HITPOINT WARNING * * *
The fire crab breathes flames at you. The blast of flame misses you.
The golden flame engulfs you! You resist.
The golden flame engulfs the fire crab.
The fire crab writhes in agony!
You kill the fire crab!
The fire crab's shape twists and changes as it dies.
You feel somewhat less full.
You are engulfed in roaring flames.
You die...

.#.....#...##.......##...........
######.##.####......##...........
.#..=≈.#..# #........#...........
##.######.###........#...........
.#.....#...###......##...###...##
######)##...##......##...###...##
.#.#.#)#....##§.§...##.....'....#
............##.§§§§.##.....#....#
...............§@§§........#.^<.#
..............§§§§§.##....##....#
#..)###.....##.§.§..#############
#...###.....##########...........
.....'......##......##...........
.....#...........................
.....#...........................
.....#..[........................
#################################


There were no monsters in sight!

Vanquished Creatures
  The ghost of Zleub the Basher, a journeyman OgFi of Trog (D:10)
  Josephine (D:10)
  Erolcha (D:10)
  A tengu warrior (D:12)
  The ghost of Kilingo the Skirmisher, a novice MiBe of Trog (D:9)
  Sonja (D:11)
  A fire crab (shapeshifter) (D:12)
  An unseen horror (D:11)
  The ghost of graki42 the Covert, a novice HaEn of Dithmenos (D:8)
  6 hill giants
  A gargoyle (D:11)
  A queen bee (D:9)
  3 trolls
  A slime creature (D:12)
  A two-headed ogre (D:9)
  14 yaks
  A spriggan (D:7)
  3 wraiths (D:10)
  A shadow (D:9)
  3 basilisks
  2 hippogriffs
  Edmund (D:5)
  4 giant eyeballs (D:12)
  5 orc warriors
  4 porcupines (D:9)
  A black bear (D:10)
  9 ice beasts
  2 phantoms
  8 sky beasts
  An eye of draining (D:12)
  7 ogres
  6 centaurs
  A crocodile (D:9)
  3 big kobolds
  5 giant frogs
  A wyvern zombie (D:13)
  5 scorpions
  25 killer bees
  3 wights (D:6)
  4 howler monkeys (D:9)
  2 electric eels (D:8)
  9 crimson imps
  2 centaur zombies
  3 giant frog zombies
  7 jellies
  7 hounds
  2 centaur skeletons (D:8)
  5 orc priests
  A gnoll shaman (D:4)
  7 orc wizards
  3 giant frog skeletons
  7 iguanas
  10 worker ants
  Ijyb (D:2)
  2 hound zombies
  A hound skeleton (D:5)
  Robin (D:2)
  9 gnolls
  A howler monkey skeleton (D:9)
  5 river rats (D:9)
  9 adders
  4 shadow imps
  An ooze (D:1)
  2 adder skeletons
  3 dart slugs
  6 worms
  6 giant geckos
  35 orcs
  3 giant cockroaches
  19 goblins
  5 hobgoblins
  11 jackals
  18 kobolds
  4 quokkas
  2 ball pythons
  6 bats
  4 giant newts
  A jackal skeleton (D:8)
  A quokka zombie (D:5)
  9 rats
375 creatures vanquished.

Vanquished Creatures (others)
  A soldier ant (D:13)
  An orc (D:13)
  3 bushes (D:9)
  11 plants (D:9)
16 creatures vanquished.

Grand Total: 391 creatures vanquished

Notes
Turn   | Place    | Note
--------------------------------------------------------------
     0 | D:1      | Chiseanne the Troll Monk began the quest for the Orb.
     0 | D:1      | Reached XP level 1. HP: 22/22 MP: 0/0
    56 | D:1      | Reached XP level 2. HP: 25/29 MP: 1/1
   489 | D:1      | Reached XP level 3. HP: 37/37 MP: 2/2
   830 | D:2      | Noticed Robin
   864 | D:2      | Killed Robin
   864 | D:2      | Reached skill level 1 in Throwing
   937 | D:2      | Found a shadowy altar of Dithmenos.
   951 | D:2      | Noticed Ijyb
   957 | D:2      | Killed Ijyb
   957 | D:2      | Reached XP level 4. HP: 45/45 MP: 3/3
  1156 | D:2      | Found a glowing golden altar of the Shining One.
  1156 | D:2      | Found a deep blue altar of Sif Muna.
  1159 | D:2      | Became a worshipper of the Shining One
  1159 | D:2      | Reached * piety under the Shining One
  1159 | D:2      | Reached ** piety under the Shining One
  1283 | D:2      | Found a blossoming altar of Fedhas.
  1600 | D:2      | Found an ancient bone altar of Kikubaaqudgha.
  1747 | D:3      | Reached XP level 5. HP: 30/54 MP: 4/4
  1768 | D:3      | Reached skill level 1 in Invocations
  1915 | D:3      | Found a shattered altar of Ashenzari.
  2092 | D:3      | Found a sacrificial altar of Ru.
  2440 | D:4      | Reached XP level 6. HP: 59/62 MP: 6/6
  2872 | D:4      | Reached XP level 7. HP: 68/68 MP: 9/9
  2993 | D:5      | Entered Level 5 of the Dungeon
  3011 | D:5      | Reached skill level 5 in Invocations
  3205 | D:5      | Noticed Edmund
  3205 | D:5      | Reached *** piety under the Shining One
  3302 | D:5      | Found a staircase to the Ecumenical Temple.
  3451 | D:5      | Learned a level 2 spell: Cure Poison
  3552 | D:5      | Reached XP level 8. HP: 78/78 MP: 12/12
  3602 | D:5      | Found a shattered altar of Ashenzari.
  3612 | D:5      | Got an iridescent flail
  3742 | D:5      | Found a basalt altar of Yredelemnul.
  3790 | D:5      | Identified the +6 flail of Zehyt {freeze, MR+ Dex+4} (You found it on level 5 of the Dungeon)
  3806 | D:5      | Killed Edmund
  3881 | D:6      | Found a stormy altar of Qazlal.
  3884 | D:6      | Noticed an air elemental
  4157 | D:6      | Reached skill level 5 in Fighting
  4157 | D:6      | Reached XP level 9. HP: 78/88 MP: 13/13
  4481 | D:6      | Reached skill level 5 in Dodging
  4810 | D:7      | Reached **** piety under the Shining One
  5108 | D:7      | Noticed a hill giant
  5118 | D:7      | Killed a hill giant
  5658 | D:8      | Noticed graki42's ghost (novice HaEn)
  5687 | D:8      | Killed graki42's ghost
  5687 | D:8      | Reached XP level 10. HP: 98/98 MP: 14/16
  5869 | D:8      | Found a blossoming altar of Fedhas.
  6028 | D:9      | Found a stormy altar of Qazlal.
  6060 | D:9      | Reached skill level 10 in Invocations
  6456 | D:9      | Noticed Kilingo's ghost (novice MiBe)
  6493 | D:9      | Killed Kilingo's ghost
  6585 | D:9      | Reached XP level 11. HP: 89/109 MP: 15/18
  6623 | D:9      | Found a staircase to the Lair.
  6903 | D:9      | Reached skill level 5 in Throwing
  7354 | D:10     | Entered Level 10 of the Dungeon
  7391 | D:10     | Noticed Erolcha
  7403 | D:10     | Killed Erolcha
  7421 | D:10     | Found a staircase to the Orcish Mines.
  7470 | D:10     | Noticed Zleub's ghost (journeyman OgFi)
  7572 | D:10     | Identified the Almanac of the Dark Glacier
  7604 | D:10     | Noticed a hill giant
  7614 | D:10     | Killed a hill giant
  7730 | D:10     | Found a shimmering altar of Xom.
  7772 | D:10     | Noticed Josephine
  7783 | D:10     | Killed Josephine
  8046 | D:10     | Noticed a hill giant
  8064 | D:10     | Killed a hill giant
  8326 | D:10     | Killed Zleub's ghost
  8438 | D:11     | Noticed a hill giant
  8511 | D:11     | Killed a hill giant
  8591 | D:11     | Noticed Sonja
  8599 | D:11     | Killed Sonja
  8599 | D:11     | Reached XP level 12. HP: 107/123 MP: 19/19
  8645 | D:11     | Learned a level 2 spell: Shroud of Golubria
  8648 | D:11     | Learned a level 2 spell: Song of Slaying
  9503 | D:12     | Paralysed by a giant eyeball for 3 turns
  9639 | D:12     | Noticed Maud
  9643 | D:13     | Noticed an ogre mage
  9643 | D:13     | Noticed a tengu warrior
  9914 | D:13     | Noticed a seven-headed hydra
 10086 | D:12     | Killed a tengu warrior
 10086 | D:12     | Reached skill level 10 in Dodging
 10107 | D:12     | Engulfed by a cloud of flame

Vault maps used:
D:1:      elethiomel_arrival_infinity_welcomes_careful_drivers, serial_glass,
          glass_columns_a, glass_columns_b, glass_columns_a, glass_columns_b,
          glass_columns_c, glass_columns_c, minmay_strange_pillars,
          minmay_three_crescents
D:2:      grunt_temple_overflow_growth_and_decay,
          gammafunk_temple_overflow_elements, grunt_dithmenos_smoke, uniq_robin,
          uniq_iyjb
D:3:      nicolae_ru_the_path_less_chosen, lemuel_crystal_altar,
          hangedman_decor_points
D:4:      first_bread, hangedman_decor_peaks_small
D:5:      lemuel_coloured_pillars_altar, minmay_temple_entry_large_hall,
          basic_altar, uniq_edmund
D:6:      nicolae_qazlal_style_of_elements
D:7:      the_bakery
D:8:      david_defended_altar_elf
D:9:      old_standard_altar, minmay_lair_entry_grove, special_room
D:10:     orc_0_dummy, basic_altar, uniq_erolcha, uniq_josephine
D:11:     uniq_sonja
D:12:     onia_ninara_cookie, uniq_maud
D:13:     portal_ice_cave_entry_pillars_03

Skill      XL: |  1  2  3  4  5  6  7  8  9 10 11 12 |
---------------+-------------------------------------+-----
Fighting       | 3 5 6 7 9 |  9.9
Throwing       | 1 2 3 4 6 7 |  7.2
Dodging        | 3 4 6 9 10 | 10.1
Invocations    | 2 4 6 7 9 10 | 10.7
Stealth        | |  1.1
Unarmed Combat | |  4.0

Action                   |  1- 3 |  4- 6 |  7- 9 | 10-12 || total
-------------------------+-------+-------+-------+-------++-------
Melee: Unarmed           |    82 |   145 |    67 |       ||   294
       Punch             |     2 |     3 |     4 |    18 ||    27
       Flail             |       |       |   160 |   637 ||   797
 Fire: Hunting sling     |       |     8 |    49 |    57 ||   114
Throw: Tomahawk          |       |     2 |     7 |    22 ||    31
       Stone             |       |       |     1 |     3 ||     4
Invok: Divine Shield     |       |       |       |    10 ||    10
       Cleansing Flame   |       |       |       |     9 ||     9
Evoke: Wand              |       |       |     2 |     4 ||     6
       Lamp of fire      |       |       |       |     1 ||     1
  Use: Scroll            |       |     9 |     8 |     7 ||    24
       Potion            |       |       |       |     2 ||     2
 Stab: Sleeping          |     2 |     3 |       |       ||     5
  Eat: Chunk             |    14 |    18 |    25 |    46 ||   103
Armor: Robe              |    36 |    26 |    38 |   168 ||   268
       Skin              |       |       |       |    17 ||    17
Dodge: Dodged            |    42 |   103 |   217 |   800 ||  1162
Block: Other             |       |       |       |    80 ||    80
